 Dungeon Crawl Stone Soup version 0.18.1-8-gdd0e5ea (webtiles) character file.

172 mutantens the Shield-Bearer (level 5, -16/47 HPs)
             Began as a Minotaur Fighter on May 26, 2016.
             Demolished by an ogre
             ... wielding a +0 giant club
              (22 damage)
             ... on level 3 of the Dungeon.
             The game lasted 00:13:14 (1613 turns).

mutantens the Shield-Bearer (Minotaur Fighter)      Turns: 1613, Time: 00:13:14

Health: -16/47     AC:  7    Str: 22    XL:     5   Next: 27%
Magic:  4/4        EV:  7    Int:  5    God:
Gold:   118        SH: 10    Dex:  9    Spells: 0 memorised, 4 levels left

rFire  + . .     SeeInvis .     a - +0 war axe
rCold  + . .     Gourm    .     b - +0 scale mail
rNeg   . . .     Faith    .     c - +0 shield
rPois  +         Spirit   .     (helmet restricted)
rElec  +         Dismiss  .     (no cloak)
rCorr  +         Reflect  .     (no gloves)
SustAt .         Harm     .     (no boots)
MR     +....                    (no amulet)
Stlth  ..........               (no ring)
                                r - ring of protection from magic

@: lethally poisoned (-16 -> -23), resistant, somewhat resistant to hostile
enchantments, extremely unstealthy
A: retaliatory headbutt, horns 2
a: no special abilities


You were on level 3 of the Dungeon.
You were not hungry.

You visited 1 branch of the dungeon, and saw 3 of its levels.

You collected 118 gold pieces.

Inventory:

Hand Weapons
 a - a +0 war axe (weapon)
 v - a +0 long sword
Armour
 b - a +0 scale mail (worn)
 c - a +0 shield (worn)
 e - a +0 shield
 h - a cursed +0 ring mail
Jewellery
 r - a ring of protection from magic (left hand)
Scrolls
 g - 2 scrolls of remove curse {unknown}
 l - 2 scrolls of identify {unknown}
 n - 2 scrolls of enchant weapon {unknown}
 p - a scroll of noise {unknown}
 s - a scroll of fog {unknown}
 u - a scroll of teleportation {unknown}
 w - a scroll of enchant armour {unknown}
Potions
 d - a potion of might
 k - a potion of cure mutation {unknown}
 m - 2 potions of brilliance {unknown}
 q - a potion of curing {unknown}
 t - a potion of heal wounds {unknown}
 x - a potion of agility {unknown}
Comestibles
 f - 2 bread rations
 j - a meat ration
 o - 4 chunks of flesh


   Skills:
 + Level 4.6 Fighting
 + Level 3.7 Axes
 + Level 4.8 Armour
 + Level 5.0 Shields


You had 4 spell levels left.
You didn't know any spells.

Dungeon Overview and Level Annotations

Branches:
Dungeon (3/15)

Altars:


Innate Abilities, Weirdness & Mutations

You reflexively headbutt those who attack you in melee.
You have a pair of horns on your head.


Message History

The kobold hits you but does no damage.
It was a potion of resistance.
You feel protected.
* * * LOW HITPOINT WARNING * * *
You feel sick. The kobold hits you but does no damage.
* * * LOW HITPOINT WARNING * * *
You feel sick. The kobold closely misses you. You furiously retaliate!
You headbutt the kobold!
You kill the kobold!
A kobold comes into view.
* * * LOW HITPOINT WARNING * * *
You feel sick.
* * * LOW HITPOINT WARNING * * *
You feel sick.
* * * LOW HITPOINT WARNING * * *
You feel sick.
* * * LOW HITPOINT WARNING * * *
You feel sick. The kobold hits you but does no damage.
The ogre hits you with a giant club!!
You die...

... ####(######....####
.... #..(...............
..... #.(................
......##.......†..........
......)(..................
......##..................
###......g................
######.O................
#.@................
#..K...............
#..................
#......)... ...
#..................
#..................
#..................
#..................
.............


You could see an ogre, a hobgoblin and a kobold.

Vanquished Creatures
  A jelly (D:3)
  An orc wizard (D:3)
  3 adders
  An ooze (D:3)
  A worm (D:2)
  3 dart slugs
  A giant gecko (D:2)
  4 orcs (D:3)
  2 bats
  4 giant cockroaches
  A goblin (D:3)
  6 hobgoblins
  18 jackals
  A quokka (D:3)
  A ball python (D:1)
  3 giant newts
  8 kobolds
  6 rats
65 creatures vanquished.

Notes
Turn   | Place    | Note
--------------------------------------------------------------
     0 | D:1      | mutantens the Minotaur Fighter began the quest for the Orb.
     0 | D:1      | Reached XP level 1. HP: 19/19 MP: 0/0
   180 | D:1      | Reached XP level 2. HP: 27/27 MP: 1/1
   248 | D:1      | Reached skill level 4 in Shields
   698 | D:2      | Reached XP level 3. HP: 28/33 MP: 2/2
  1085 | D:3      | Reached XP level 4. HP: 41/41 MP: 3/3
  1494 | D:3      | Reached XP level 5. HP: 29/47 MP: 4/4
  1550 | D:3      | Reached skill level 5 in Shields
  1605 | D:3      | Noticed an ogre
  1613 | D:3      | Demolished by an ogre

Skill      XL: |  1  2  3  4  5 |
---------------+----------------+-----
Shields        | 4 5 |  5.0
Fighting       | 4 |  4.6
Axes           | 3 |  3.7
Armour         | 4 |  4.8

Action                   |  1- 3 |  4- 6 || total
-------------------------+-------+-------++-------
Melee: War axe           |    76 |    85 ||   161
       Headbutt          |    10 |    14 ||    24
  Use: Potion            |       |     1 ||     1
  Eat: Fruit             |     1 |     1 ||     2
       Chunk             |       |     1 ||     1
Armor: Scale mail        |    44 |    39 ||    83
Dodge: Dodged            |    32 |    27 ||    59
Block: Shield            |    38 |    43 ||    81
